 Dungeon Crawl Stone Soup version 0.13.0-19-g8e0b589 (webtiles) character file.

1613961 HungrySpirit the Executioner (level 23, 224/224 HPs)
             Began as a Hill Orc Death Knight on Oct 25, 2013.
             Was the Champion of Yredelemnul.
             Escaped with the Orb
             ... and 3 runes!
             The game lasted 03:13:12 (61262 turns).

HungrySpirit the Executioner (HODK)                Turns: 61262, Time: 03:13:12

HP 224/224       AC 38     Str 26      XL: 23   Next: 59%
MP  30/30        EV  6     Int 11      God: Yredelemnul [******]
Gold 3535        SH 39     Dex 16      Spells:  0 memorised, 22 levels left

Res.Fire  : + + .   See Invis. : +   v - +6,+7 orc broad axe (chop)
Res.Cold  : + + +   Warding    : .   s - +4 crystal plate armour
Life Prot.: . . .   Conserve   : +   q - +5 shield of Resistance {rF+ rC+ MR+}
Res.Poison: +       Res.Corr.  : +   d - +3 helmet of Sorcery {rPois SInv Stlth-}
Res.Elec. : .       Clarity    : +   G - +1 cloak {rCorr, Cons}
Sust.Abil.: . .     Spirit.Shd : .   I - +1 pair of gauntlets {Dex+3}
Res.Mut.  : .       Stasis     : .   F - +2 pair of orc boots {Stlth+}
Res.Rott. : .       Flight     : .   U - amulet of Xuapn {Clar rC+ Dam+4}
Saprovore : + . .                    i - ring of Faapueto {Hunger- rC+ Dex+3}
                                     E - ring of protection from fire

@: drained, very resistant to hostile enchantments, extremely unstealthy
A: deformed body, -10% mp, saprovore 1
a: Animate Dead, Recall Undead Slaves, Injury Mirror, Drain Life, Enslave Soul,
Renounce Religion
}: 3/15 runes: barnacled, silver, gossamer


You escaped.
You worshipped Yredelemnul.
Yredelemnul was exalted by your worship.
You were very full.

You visited 7 branches of the dungeon, and saw 59 of its levels.
You also visited: Labyrinth, Trove and Ice Cave.

You collected 5529 gold pieces.
You spent 2014 gold pieces at shops.

Inventory:

Hand weapons
 v - a +6,+7 orcish broad axe of chopping (weapon)
Armour
 d - the +3 helmet of Sorcery (worn) {rPois SInv Stlth-}
   (You acquired it on level 2 of the Shoals)

   It protects you from poison.
   It enhances your eyesight.
   It makes you much less stealthy.
 q - the +5 shield of Resistance (worn) {rF+ rC+ MR+}
   (You found it in a treasure trove)

   It protects you from fire.
   It protects you from cold.
   It affects your resistance to hostile enchantments.
 s - a +4 crystal plate armour (worn)
 t - the +2 cloak of Love and Death {rC+ Int+2}
   (You bought it in a shop on level 4 of the Orcish Mines)

   It affects your intelligence (+2).
   It protects you from cold.
 F - a +2 pair of orcish boots of stealth (worn)
 G - a +1 cloak of preservation (worn)
 I - a +1 pair of gauntlets of dexterity (worn)
Magical devices
 a - a wand of digging (12)
 y - a wand of invisibility (9)
 K - a wand of hasting (9)
 L - a wand of disintegration (13)
Comestibles
 c - 14 meat rations
Scrolls
 b - 12 scrolls of teleportation
 j - 2 scrolls of blinking
 k - a scroll of torment
 o - a scroll of identify
 p - 2 scrolls of recharging
 w - 2 scrolls of fear
 x - 4 scrolls of fog
 C - a scroll of immolation
 H - 15 scrolls of remove curse
 J - 3 scrolls of magic mapping
 N - a scroll of summoning
 Q - a scroll of holy word {unknown}
Jewellery
 h - an uncursed ring of fire
 i - the ring of Faapueto (right hand) {Hunger- rC+ Dex+3}
   (You found it in a treasure trove)

   [ring of sustenance]

   It affects your dexterity (+3).
   It protects you from cold.
 m - an uncursed ring of poison resistance
 n - an uncursed ring of protection from cold
 u - a +4 ring of evasion
 A - a +6 ring of evasion
 E - a ring of protection from fire (left hand)
 R - an uncursed ring of protection from cold
 U - the amulet of Xuapn (around neck) {Clar rC+ Dam+4}
   (You bought it in a shop on level 5 of the Dungeon)

   [amulet of clarity]

   It affects your damage-dealing abilities (+4).
   It protects you from cold.
 V - an uncursed ring of teleport control
Potions
 e - 4 potions of restore abilities
 f - 4 potions of agility
 r - 4 potions of resistance
 z - 4 potions of magic
 B - 19 potions of curing
 D - 2 potions of invisibility
 M - 4 potions of might
 O - a potion of speed
 P - 3 potions of berserk rage
Orbs of Power
 T - the Orb of Zot
Miscellaneous
 l - a legendary deck of wonders {Wild Magic}


   Skills:
 * Level 23.4(23.0) Fighting
 + Level 24.4(24.0) Axes
 - Level 20.5(20.1) Armour
 - Level 0.7(0.4) Dodging
 - Level 20.4(20.0) Shields
 - Level 11.0(10.6) Invocations


You had 22 spell levels left.
You didn't know any spells.

Dungeon Overview and Level Annotations

Branches:
Dungeon (27/27)            Temple (0/1) D:7             Orc (4/4) D:11
    Elf (0/3) Orc:4          Lair (8/8) D:12         Shoals (5/5) Lair:4
 Spider (5/5) Lair:6        Slime (0/6) Lair:8       Vaults (5/5) D:19
  Blade (0/1) Vaults:4      Crypt (0/5) Vaults:3        Zot (5/5) D:27

Altars:
Ashenzari
Elyvilon
Kikubaaqudgha
Makhleb
Okawaru
Sif Muna
Trog
Xom
Beogh

Shops:
D:5 =   D:6 [   D:19 [   Orc:1 /(==   Orc:3 [   Orc:4 ?/[?!   Vaults:4 %
Vaults:5 +

Portals:
Hell: D:21 D:22 D:23 D:24 D:25 D:26 D:27
Abyss: D:25
Pandemonium: D:22 D:24 D:25 D:27

Annotations:
D:2 Sigmund
D:26 exclusion: orange crystal statue
Lair:8 exclusion: oklob plant


Innate Abilities, Weirdness & Mutations

You can tolerate rotten meat.
Armour fits poorly on your strangely shaped body.
Your magical capacity is low (-10% MP).


Message History

The Orb Guardian hits you but does no damage.
You closely miss the Orb Guardian.
The Orb Guardian is moderately wounded.
You block the Orb Guardian's attack.
You slash the Orb Guardian!
The Orb Guardian is severely wounded.
You block the Orb Guardian's attack.
You open the Orb Guardian like a pillowcase!!!
You kill the Orb Guardian!
Yredelemnul accepts your kill.
There is an escape hatch in the ceiling here.
A mysterious force pulls you upwards. The hatch slams shut behind you.
Level annotation: Sigmund You sense a powerful magical force warping space.
There is a stone staircase leading up here.
You climb upwards.
You sense a powerful magical force warping space.
There is a stone staircase leading down here.
There is a staircase leading out of the dungeon here.
You have escaped!

...#...#####..............###....
.).)....)............%.%>........
############.##########...#######
..%..........#####......(((((..%.
##...#####......###.#####.#####%.
#...# #......# #.# #.# #.. #...#
#......###.#####.#####.# #####
##.....8##..>.##.#...#.#
#.....@##....##.#...#.#
#.....8##....##.#...#.#
##....##...####.##....# ####
#.....##...# #.##....# ...#
#.....##...# #.##..... ...#
######..#####..#####.#####..
...###...##..#####............#..
..................#.#####.###.#.#
######...#######..#.# #..%......


There were no monsters in sight!

Vanquished Creatures
  Margery (Vaults:3)
  Mennas (Spider:5)
  2 golden dragons (D:27)
  Nikola (D:15)
  Arachne (Spider:4)
  2 tentacled monstrosities
  5 Orb Guardians
  4 tengu reavers
  Frances (Vaults:4)
  7 shadow dragons
  2 draconian monks
  3 fire giants
  A ghost moth (shapeshifter) (Vaults:5)
  2 draconian scorchers
  3 ghost moths (Spider:5)
  Donald (Vaults:1)
  A draconian knight (Zot:3)
  2 frost giants
  3 vault wardens
  An iron dragon (Vaults:5)
  An orc warlord (D:16)
  An emperor scorpion (Spider:5)
  A draconian shifter (Zot:3)
  Jorgrun (Spider:4)
  25 stone giants
  3 grey draconians
  Azrael (Spider:3)
  A pale draconian (Zot:3)
  2 red draconians (Zot:2)
  A yellow draconian (Zot:2)
  3 white draconians
  A mottled draconian (D:27)
  2 black draconians (D:27)
  8 vault guards (Vaults:5)
  3 merfolk javelineers (Shoals:5)
  8 ettins
  A minotaur (Lab)
  2 merfolk impalers (Shoals:5)
  A death cob (Zot:4)
  2 dragons
  29 yaktaur captains
  2 sirens (Shoals:4)
  5 ogre magi
  4 merfolk aquamancers
  4 great orbs of eyes
  Harold (Orc:4)
  4 ironheart preservers (Vaults:5)
  4 hydras
  Nessos (D:15)
  Erica (Orc:3)
  9 death yaks
  4 deep troll shamans
  3 deep troll earth magi
  An orc high priest (D:16)
  2 deep dwarf death knights (Vaults:3)
  A human zombie (Zot:5)
  A soul eater (D:9)
  25 centaur warriors
  A fire crab (Vaults:1)
  2 dancing weapons (D:19)
  11 hell knights
  2 deep elf knights
  3 very ugly things (D:23)
  A catoblepas (Shoals:5)
  5 skeletal warriors
  3 iron trolls
  A giant orange brain (shapeshifter) (D:25)
  An ice devil (D:22)
  A deep troll (shapeshifter) (Vaults:5)
  3 sea snakes
  A shadow wraith (Vaults:3)
  14 orc knights
  2 flayed ghosts (D:19)
  14 hill giants
  7 ironbrand convokers
  16 deep trolls
  A harpy (Shoals:5)
  A phantasmal warrior (D:24)
  Joseph (Lair:1)
  A wizard (D:15)
  2 stone giant zombies (Vaults:3)
  2 griffons
  9 cyclopes
  A necromancer (D:23)
  A deep elf conjurer (D:24)
  4 giant amoebae
  A draconian zombie (Zot:3)
  A red wasp (Spider:2)
  A shadow dragon skeleton (D:24)
  A sphinx skeleton (D:19)
  5 moths of wrath
  6 orc sorcerers
  14 wolf spiders
  A harpy (shapeshifter) (D:14)
  The ghost of timbw the Thaumaturge, an experienced DEFE of Vehumet (D:7)
  4 spiny worms
  2 black mambas
  Maurice (D:9)
  2 black mambas (shapeshifter)
  8 vault sentinels
  A fire giant skeleton (D:20)
  A sixfirhy (D:24)
  An eye of devastation (D:19)
  A queen ant (Lair:1)
  8 stone giant skeletons
  A smoke demon (D:16)
  10 spiny frogs
  11 mermaids
  A white draconian zombie (Zot:3)
  A pale draconian zombie (Zot:3)
  3 orb spiders
  5 demonic crawlers
  13 trolls
  35 yaktaurs
  A red devil (D:20)
  A fire drake (Lair:7)
  3 iron troll zombies
  A queen bee (Spider:1)
  2 komodo dragons
  10 jumping spiders
  A ghoul skeleton (Zot:5)
  2 blue devils
  2 hydra zombies (D:17)
  13 blink frogs
  A deep elf priest (D:24)
  An iron troll skeleton (D:19)
  A giant leech (Lair:8)
  30 slime creatures
  14 two-headed ogres
  5 boulder beetles
  An ettin zombie (D:22)
  A hydra skeleton (D:16)
  3 dragon zombies
  A griffon zombie (D:16)
  2 shadows
  15 trapdoor spiders
  24 redbacks
  A snapping turtle (shapeshifter) (D:19)
  4 wyverns
  6 snapping turtles
  33 yaks
  87 ugly things
  2 ettin skeletons
  17 water elementals
  2 octopodes (shapeshifter)
  2 wraiths
  2 fire elementals (Spider:3)
  2 hill giant zombies
  2 ice dragon skeletons
  5 basilisks
  A toenail golem (D:16)
  5 hippogriffs
  8 tarantellas
  2 tarantellas (shapeshifter) (Vaults:1)
  2 sharks
  A hungry ghost (D:7)
  A spiny worm zombie (D:20)
  Grum (D:11)
  A chaos spawn (Zot:2)
  A deep elf fighter (D:24)
  4 hogs (D:15)
  9 merfolk
  20 vampire mosquitoes
  A rock worm (Vaults:3)
  3 hill giant skeletons
  7 wolves
  A necrophage (D:12)
  9 soldier ants
  10 manticores
  A deep troll zombie (D:23)
  4 hell hounds
  3 mottled dragons
  6 porcupines
  3 freezing wraiths
  12 ice beasts
  21 orc warriors
  A yellow wasp (D:13)
  A black bear (D:4)
  A deep dwarf (D:14)
  An ettin simulacrum (Vaults:2)
  A giant goldfish (Spider:4)
  The ghost of HungrySpirit the Chopper, an average HODK of Yredelemnul (D:3)
  A boring beetle (shapeshifter) (Vaults:4)
  2 phantoms
  A sky beast (D:6)
  38 ogres
  3 boring beetles
  32 centaurs
  A rotting devil (D:18)
  A hill giant simulacrum (D:16)
  7 crocodiles
  7 wargs
  A yaktaur zombie (Vaults:1)
  2 big kobolds
  14 giant frogs
  5 giant slugs
  A cyclops zombie (D:15)
  A gnoll sergeant (Orc:4)
  9 water moccasins
  11 agate snails
  A yaktaur skeleton (D:19)
  21 killer bees
  2 hippogriff zombies
  A troll zombie (D:13)
  An eye of draining (shapeshifter) (Vaults:2)
  A troll skeleton (D:13)
  5 electric eels
  2 boring beetle zombies (D:19)
  6 crimson imps
  3 goliath beetles
  A giant frog zombie (D:12)
  19 orc priests
  A yaktaur simulacrum (Vaults:1)
  12 hounds
  20 spiders
  A basilisk skeleton (D:14)
  6 scorpions
  33 worker ants
  38 orc wizards
  29 sheep
  8 iguanas
  Ijyb (D:2)
  Jessica (D:2)
  A crocodile zombie (D:12)
  A mottled dragon skeleton (D:13)
  An ogre skeleton (D:9)
  A hound zombie (D:7)
  3 boggarts (D:17)
  4 gnolls (Orc:4)
  28 adders
  3 giant centipedes
  28 green rats
  9 white imps (Orc:4)
  3 giant mites
  6 worms
  A worm (shapeshifter) (D:19)
  An ufetubus (Zot:2)
  2 adder skeletons (D:5)
  An adder zombie (D:6)
  A giant eyeball (D:6)
  7 giant geckos
  An ooze (D:6)
  160 orcs
  A bat skeleton (D:7)
  A bat zombie (D:6)
  7 giant cockroaches
  15 hobgoblins
  23 jackals
  11 quokkas
  A ball python (D:1)
  14 bats
  4 giant newts
  24 goblins
  2 hobgoblin zombies
  36 kobolds
  3 kobold skeletons
  2 orc zombies
  28 rats
  A crawling corpse (D:24)
  18 fungi
  4 plants
1714 creatures vanquished.

Vanquished Creatures (collateral kills)
  2 orbs of fire (Zot:5)
  4 ancient liches (Zot:5)
  Boris (Vaults:3)
  A Killer Klown (Zot:5)
  2 bone dragons
  A golden dragon (Zot:2)
  Jory (D:24)
  An electric golem (Zot:5)
  Frederick (Vaults:4)
  3 tentacled monstrosities
  6 Orb Guardians (Zot:5)
  A lich (D:26)
  4 storm dragons
  Polyphemus (Shoals:5)
  6 tengu reavers
  2 shadow dragons
  Kirke (D:15)
  Roxanne (Vaults:3)
  Ilsuiw (Shoals:5)
  An orc warlord (D:16)
  2 vault wardens (Vaults:5)
  2 ghost moths
  A frost giant (D:25)
  2 draconian zealots (Zot:2)
  A cacodemon (Zot:5)
  2 emperor scorpions (Spider:5)
  17 stone giants
  A green draconian (Zot:3)
  2 grey draconians
  A deep elf annihilator (D:19)
  A white draconian (Zot:5)
  A mottled draconian (Zot:3)
  4 black draconians
  4 red draconians
  A purple draconian (Zot:3)
  A pale draconian (Zot:4)
  A merfolk javelineer (Shoals:5)
  Snorg (Spider:1)
  5 merfolk impalers (Shoals:5)
  A great orb of eyes (Vaults:1)
  18 vault guards
  An ettin (D:22)
  2 dragons
  An ironheart preserver (Vaults:5)
  4 deep troll earth magi
  10 yaktaur captains
  Fannar (Orc:3)
  3 ice dragons
  A deep elf high priest (Vaults:5)
  A ravenous item mimic (D:22)
  8 hydras
  5 deep troll shamans
  2 death yaks
  5 ogre magi
  A hell knight (D:27)
  2 very ugly things (D:23)
  Urug (D:15)
  6 centaur warriors
  A deep elf knight (D:21)
  A fire crab (D:22)
  3 soul eaters
  A skeletal warrior (D:17)
  13 deep trolls
  A golden dragon zombie (Zot:2)
  An iron troll (D:26)
  A ball lightning (D:17)
  4 sea snakes
  3 flayed ghosts
  A shadow dragon zombie (Vaults:3)
  5 harpies
  Erolcha (Orc:2)
  Pikel (D:7)
  6 orc knights
  A deep elf conjurer (D:24)
  3 giant amoebae
  6 hill giants
  2 ironbrand convokers (Vaults:4)
  3 stone giant zombies
  A wolf spider (shapeshifter) (Vaults:4)
  An orc sorcerer (Vaults:3)
  2 shadow dragon skeletons
  2 griffons
  A spiny worm (D:24)
  9 moths of wrath
  13 wolf spiders
  2 fire giant skeletons
  A human (shapeshifter) (Vaults:1)
  A frost giant skeleton (D:24)
  A sixfirhy (Vaults:5)
  5 cyclopes
  A black mamba (Lair:2)
  5 stone giant skeletons
  2 orange demons
  2 feature mimics
  A small abomination (D:24)
  8 spiny frogs
  23 yaktaurs
  7 orb spiders
  A deep elf priest (D:24)
  3 mermaids (Shoals:5)
  4 hellwings
  3 demonic crawlers
  2 iron devils
  10 jumping spiders
  3 trolls
  A red devil (D:12)
  5 komodo dragons
  6 two-headed ogres
  Sonja (Orc:4)
  A giant leech (Lair:8)
  17 slime creatures
  4 blink frogs
  An ettin zombie (Vaults:2)
  A raven (shapeshifter) (Vaults:1)
  A slime creature (shapeshifter) (D:27)
  A moth of wrath zombie (Zot:5)
  12 trapdoor spiders
  2 shadows (D:12)
  5 boulder beetles
  9 tarantellas
  A ynoxinul (Zot:2)
  26 redbacks
  38 ugly things
  3 sharks
  8 snapping turtles
  3 fire elementals (Spider:3)
  9 water elementals
  2 elephant slugs (Lair:8)
  3 ettin skeletons
  9 yaks
  A hungry ghost (D:16)
  A wraith (Vaults:1)
  2 wyverns
  A trapdoor spider (shapeshifter) (Vaults:4)
  A spiny worm zombie (Vaults:2)
  9 vampire mosquitoes
  12 merfolk
  A vampire (Vaults:1)
  A deep elf fighter (D:24)
  4 hippogriffs
  4 manticores
  A hill giant skeleton (D:16)
  A soldier ant (Lair:1)
  A mottled dragon (Lair:7)
  A rock worm (Vaults:4)
  2 hell hounds (Spider:3)
  2 wolves (D:26)
  3 freezing wraiths
  An orange crystal statue (D:26)
  3 phantoms
  25 orc warriors
  3 porcupines
  A giant goldfish (Lair:4)
  13 ogres
  A lava fish (Lair:8)
  2 ice beasts
  5 boring beetles
  4 big kobolds
  2 lava worms (Lair:8)
  A rotting devil (D:17)
  8 wargs
  4 crocodiles
  12 centaurs
  8 giant frogs
  4 giant slugs
  5 water moccasins
  3 agate snails
  2 cyclops skeletons
  13 killer bees
  2 jellyfish
  10 electric eels
  A fire bat (shapeshifter) (Vaults:2)
  13 spiders
  4 hounds
  Crazy Yiuf (D:7)
  9 orc wizards
  2 iguanas
  9 orc priests
  3 big fish (Lair:4)
  3 scorpions
  6 sheep
  6 worker ants
  A boggart (D:17)
  2 worker ant zombies
  2 adders
  A giant centipede (Lair:3)
  3 green rats
  A giant mite (Spider:1)
  3 white imps (Orc:4)
  2 worms
  3 ufetubi
  A scorpion zombie (D:8)
  An adder skeleton (D:10)
  A giant gecko (Lair:3)
  41 orcs
  A giant cockroach (Spider:5)
  A hobgoblin (Orc:3)
  7 jackals
  2 bats
  11 kobolds
  2 orc zombies (D:16)
  2 rats
  4 fungi (Lair:8)
  14 plants
848 creatures vanquished.

Vanquished Creatures (others)
  7 profane servitors
  4 bone dragons
  A tengu reaver (D:24)
  5 ghouls
  A draconian zealot (Zot:2)
  A draconian annihilator (Zot:3)
  A spectral dwarf (Vaults:5)
  6 death cobs
  An ogre mage (D:24)
  7 skeletal warriors
  3 flayed ghosts
  9 phantasmal warriors
  5 flaming corpses
  A stone giant zombie (Vaults:5)
  An elf zombie (D:19)
  3 death yak zombies
  A troll (Orc:4)
  A hydra zombie (D:18)
  15 human zombies (Vaults:5)
  A two-headed ogre (D:22)
  A trapdoor spider zombie (Spider:5)
  A deep troll zombie (D:19)
  A tarantella zombie (D:23)
  7 flying skulls
  A wraith (Lair:1)
  2 hill giant zombies
  A wolf (D:26)
  2 spiny frog zombies (Lair:8)
  A slave (D:7)
  An ogre (D:22)
  2 freezing wraiths
  7 vampire mosquito zombies
  A blink frog zombie (Lair:8)
  An ugly thing zombie (D:21)
  A giant frog (D:7)
  A yaktaur skeleton (D:27)
  2 wyvern zombies (D:18)
  2 cyclops zombies
  4 yak zombies
  A boulder beetle zombie (Vaults:5)
  2 wights
  3 ogre zombies (Orc:4)
  A wolf zombie (D:26)
  A boring beetle zombie (Lair:8)
  A giant frog zombie (D:16)
  A soldier ant zombie (D:14)
  A two-headed ogre zombie (Orc:4)
  3 centaur zombies
  A basilisk zombie (D:19)
  An orc wizard (D:22)
  A worker ant (D:7)
  A crocodile zombie (Lair:8)
  5 spider zombies
  A mummy (D:9)
  A giant centipede (Spider:4)
  A goliath beetle zombie (D:16)
  An ufetubus (D:21)
  An electric eel zombie (Lair:8)
  9 sheep zombies
  5 orcs
  A giant spore (D:16)
  A goblin (Orc:3)
  An orc skeleton (Vaults:2)
  19 orc zombies
  A bush (Lair:4)
  4 fungi (Lair:8)
  9 plants
191 creatures vanquished.

Grand Total: 2753 creatures vanquished

Notes
Turn   | Place    | Note
--------------------------------------------------------------
     0 | D:1      | HungrySpirit, the Hill Orc Death Knight, began the quest for the Orb.
     0 | D:1      | Reached XP level 1. HP: 17/17 MP: 2/2
   271 | D:1      | Reached XP level 2. HP: 8/24 MP: 4/4
   273 | D:1      | Reached skill level 4 in Invocations
   911 | D:1      | Reached XP level 3. HP: 26/29 MP: 6/6
  1036 | D:2      | Noticed Ijyb
  1049 | D:2      | Killed Ijyb
  1196 | D:2      | Noticed Jessica
  1221 | D:2      | Killed Jessica
  1221 | D:2      | Acquired Yredelemnul's second power
  1221 | D:2      | Reached skill level 5 in Axes
  1221 | D:2      | Reached XP level 4. HP: 14/37 MP: 7/7
  1324 | D:2      | Noticed Sigmund
  1542 | D:2      | Reached skill level 1 in Shields
  1897 | D:2      | Reached XP level 5. HP: 42/42 MP: 9/9
  1998 | D:3      | Noticed HungrySpirit's ghost (average HODK)
  2212 | D:3      | Reached skill level 6 in Axes
  2232 | D:3      | Killed HungrySpirit's ghost
  2233 | D:3      | Reached XP level 6. HP: 22/49 MP: 11/11
  2681 | D:3      | Reached skill level 7 in Axes
  3528 | D:4      | Reached skill level 8 in Axes
  3788 | D:4      | Reached XP level 7. HP: 22/56 MP: 12/12
  4079 | D:4      | Reached skill level 9 in Axes
  4178 | D:5      | Entered Level 5 of the Dungeon
  4382 | D:5      | Found Bleidiu's Jewellery Shop.
  4483 | D:5      | Acquired Yredelemnul's third power
  4851 | D:6      | Paralysed by a giant eyeball for 3 turns
  4862 | D:6      | Paralysed by a giant eyeball for 3 turns
  4869 | D:6      | Reached skill level 10 in Axes
  4869 | D:6      | Reached XP level 8. HP: 29/63 MP: 14/14
  5639 | D:6      | Reached skill level 11 in Axes
  6045 | D:6      | Found Vunuzo's Antique Armour Emporium.
  6046 | D:6      | Found a deep blue altar of Sif Muna.
  6061 | D:6      | Bought a pair of glowing orcish boots for 32 gold pieces
  6061 | D:6      | Bought a pair of glowing gauntlets for 32 gold pieces
  6148 | D:7      | Reached skill level 5 in Fighting
  6148 | D:7      | Reached skill level 5 in Shields
  6177 | D:7      | Reached XP level 9. HP: 60/72 MP: 17/17
  6259 | D:7      | Reached skill level 5 in Invocations
  6458 | D:7      | Received a gift from Yredelemnul
  6549 | D:7      | Found a staircase to the Ecumenical Temple.
  6592 | D:7      | Noticed Pikel
  6617 | D:7      | Killed Pikel
  6888 | D:7      | Noticed timbw's ghost (experienced DEFE)
  6920 | D:7      | Killed timbw's ghost
  7307 | D:7      | Noticed Crazy Yiuf
  7311 | D:7      | Killed Crazy Yiuf
  7680 | D:8      | Reached XP level 10. HP: 83/83 MP: 20/20
  8406 | D:9      | Acquired Yredelemnul's fourth power
  8423 | D:9      | Noticed Maurice
  8472 | D:9      | Killed Maurice
  8576 | D:9      | Received a gift from Yredelemnul
  8915 | D:9      | Found a burning altar of Makhleb.
  9420 | D:10     | Entered Level 10 of the Dungeon
  9592 | D:10     | Noticed a hill giant
  9599 | D:10     | Killed a hill giant
  9773 | D:10     | Received a gift from Yredelemnul
 10078 | D:11     | Noticed a hill giant
 10086 | D:11     | Killed a hill giant
 10116 | D:11     | Noticed a hill giant
 10128 | D:11     | Killed a hill giant
 10128 | D:11     | Reached skill level 10 in Fighting
 10301 | D:11     | Found a staircase to the Orcish Mines.
 10307 | D:11     | Reached skill level 10 in Shields
 10339 | D:11     | Noticed Grum
 10346 | D:11     | Reached XP level 11. HP: 78/93 MP: 21/21
 10364 | D:11     | Killed Grum
 10483 | D:11     | Received a gift from Yredelemnul
 10698 | D:12     | Found a staircase to the Lair.
 10698 | D:12     | Noticed a hill giant
 10703 | D:12     | Killed a hill giant
 10750 | D:12     | Noticed a hill giant
 10760 | D:12     | Killed a hill giant
 11250 | D:5      | Bought the amulet of Xuapn {Clar rC+ Dam+4} for 424 gold pieces
 11594 | D:12     | Reached skill level 5 in Armour
 11895 | D:13     | Noticed a hill giant
 12187 | Lair:1   | Entered Level 1 of the Lair of Beasts
 12248 | Lair:1   | Found a labyrinth entrance.
 12271 | Lab      | Entered a labyrinth
 12584 | Lab      | Noticed a minotaur
 12592 | Lab      | Killed a minotaur
 12959 | Lair:1   | Received a gift from Yredelemnul
 13295 | Lair:1   | Noticed Joseph
 13314 | Lair:1   | Killed Joseph
 13314 | Lair:1   | Reached skill level 12 in Axes
 13314 | Lair:1   | Reached XP level 12. HP: 57/102 MP: 23/23
 14248 | Lair:2   | Reached skill level 10 in Armour
 14596 | Lair:2   | Received a gift from Yredelemnul
 15347 | Lair:3   | Reached skill level 13 in Axes
 16050 | Lair:4   | Noticed a four-headed hydra
 16060 | Lair:4   | Killed a five-headed hydra
 16093 | Lair:4   | Noticed a four-headed hydra
 16101 | Lair:4   | Killed a five-headed hydra
 16228 | Lair:4   | Reached skill level 14 in Axes
 16233 | Lair:4   | Acquired Yredelemnul's fifth power
 16391 | Lair:4   | Found a staircase to the Shoals.
 16717 | Lair:5   | Paralysed by you for 4 turns
 16811 | Lair:5   | Noticed a six-headed hydra
 16821 | Lair:5   | Killed a ten-headed hydra
 17385 | Lair:6   | Noticed a death yak
 17389 | Lair:6   | Noticed a death yak
 17389 | Lair:6   | Noticed a death yak
 17399 | Lair:6   | Killed a death yak
 17406 | Lair:6   | Killed a death yak
 17407 | Lair:6   | Killed a death yak
 17407 | Lair:6   | Reached skill level 15 in Axes
 17407 | Lair:6   | Reached XP level 13. HP: 97/108 MP: 23/25
 18154 | Lair:6   | Found a hole to the Spider Nest.
 18331 | Lair:6   | Received a gift from Yredelemnul
 18826 | Lair:7   | Reached skill level 16 in Axes
 18928 | Lair:7   | Gained mutation: You digest meat inefficiently. [potion of mutation]
 18928 | Lair:7   | Gained mutation: You have supernaturally acute eyesight. [potion of mutation]
 18928 | Lair:7   | Lost mutation: You have supernaturally acute eyesight. [potion of mutation]
 19560 | Lair:8   | Entered Level 8 of the Lair of Beasts
 19715 | Lair:8   | Found a staircase to the Slime Pits.
 19790 | Lair:8   | Reached skill level 10 in Invocations
 19802 | Lair:8   | Reached skill level 17 in Axes
 19949 | Lair:8   | Received a gift from Yredelemnul
 20347 | Lair:8   | Received a gift from Yredelemnul
 21425 | Lair:7   | Reached skill level 18 in Axes
 21925 | Lair:2   | Reached XP level 14. HP: 117/117 MP: 28/28
 21997 | Orc:1    | Entered Level 1 of the Orcish Mines
 22006 | Orc:1    | Found Ebloch's Antique Weapon Shoppe.
 22084 | Orc:1    | Found Hustrirph's Magical Wand Shop.
 22092 | Orc:1    | Received a gift from Yredelemnul
 22664 | Orc:1    | Found a burning altar of Makhleb.
 22727 | Orc:1    | Found Niunorua's Jewellery Boutique.
 22765 | Orc:1    | Received a gift from Yredelemnul
 22774 | Orc:1    | Found Reenn's Jewellery Emporium.
 22890 | Orc:2    | Noticed Erolcha
 22901 | Orc:2    | Killed Erolcha
 22985 | Orc:2    | Found a shimmering altar of Xom.
 23129 | Orc:3    | Noticed Fannar
 23151 | Orc:3    | Killed Fannar
 23178 | Orc:3    | Received a gift from Yredelemnul
 23234 | Orc:3    | Found an iron altar of Okawaru.
 23339 | Orc:4    | Entered Level 4 of the Orcish Mines
 23446 | Orc:3    | Found Faniap's Antique Armour Shop.
 23483 | Orc:3    | Bought a runed cloak for 19 gold pieces
 23522 | Orc:4    | Found a staircase to the Elven Halls.
 23535 | Orc:4    | Found Truiroad's Magic Scroll Shop.
 23574 | Orc:4    | Killed Sonja
 24077 | Orc:4    | Found a frozen archway.
 24086 | IceCv    | Entered an ice cave
 24099 | IceCv    | Received a gift from Yredelemnul
 24387 | Orc:3    | Noticed Erica
 24403 | Orc:3    | Killed Erica
 24748 | Orc:4    | Noticed Harold
 24763 | Orc:4    | Killed Harold
 24791 | Orc:4    | Found a roughly hewn altar of Beogh.
 24882 | Orc:4    | Found Mnyat's Antique Armour Emporium.
 24886 | Orc:4    | Found Siguec's Distillery.
 24896 | Orc:4    | Reached skill level 19 in Axes
 24939 | Orc:4    | Received a gift from Yredelemnul
 25023 | Orc:4    | Bought an encrusted cloak for 150 gold pieces
 25026 | Orc:4    | Found Khas' Magic Scroll Emporium.
 25028 | Orc:4    | Found Ykhlumip's Magical Wand Shoppe.
 25047 | Orc:4    | Identified the +2 cloak of Love and Death {rC+ Int+2} (You bought it in a shop on level 4 of the Orcish Mines)
 25252 | Orc:1    | Bought a +6 ring of evasion for 1326 gold pieces
 25378 | D:13     | Killed a hill giant
 25527 | D:13     | Found a bloodstained altar of Trog.
 25608 | D:13     | Found a deep blue altar of Sif Muna.
 26108 | D:14     | Entered Level 14 of the Dungeon
 26224 | D:14     | Found an ancient bone altar of Kikubaaqudgha.
 26454 | D:14     | Received a gift from Yredelemnul
 26689 | D:15     | Entered Level 15 of the Dungeon
 26815 | D:15     | Noticed Nessos
 26816 | D:15     | Noticed Urug
 26832 | D:15     | Killed Nessos
 26834 | D:15     | Killed Urug
 26887 | D:15     | Noticed Nikola
 26960 | D:15     | Killed Nikola
 26960 | D:15     | Reached XP level 15. HP: 31/130 MP: 29/29
 27413 | D:15     | Reached skill level 20 in Axes
 27414 | D:15     | Received a gift from Yredelemnul
 27443 | D:15     | Noticed Kirke
 27457 | D:15     | Killed Kirke
 27986 | D:16     | Received a gift from Yredelemnul
 28697 | D:16     | Reached skill level 15 in Fighting
 29224 | D:16     | Received a gift from Yredelemnul
 29700 | D:16     | Found a roughly hewn altar of Beogh.
 30152 | D:17     | Reached skill level 21 in Axes
 31026 | D:18     | Reached XP level 16. HP: 106/143 MP: 30/30
 31146 | D:18     | Received a gift from Yredelemnul
 31435 | D:18     | Found a shimmering altar of Xom.
 32676 | D:19     | Found a staircase to the Vaults.
 32919 | D:19     | Found Box Shro's Antique Armour Boutique.
 32926 | D:19     | Bought an embroidered cloak for 31 gold pieces
 32927 | D:19     | Identified a +1 cloak of preservation (You bought it in a shop on level 19 of the Dungeon)
 33558 | D:19     | Identified a scroll of acquirement
 33632 | D:19     | Received a gift from Yredelemnul
 34080 | Shoals:1 | Entered Level 1 of the Shoals
 34332 | Shoals:1 | Received a gift from Yredelemnul
 34608 | Shoals:2 | Got a steaming helmet
 34612 | Shoals:2 | Identified the +3 helmet of Sorcery {rPois SInv Stlth-} (You acquired it on level 2 of the Shoals)
 34819 | Spider:1 | Entered Level 1 of the Spider Nest
 34836 | Spider:1 | Noticed Snorg
 34839 | Spider:1 | Received a gift from Yredelemnul
 34851 | Spider:1 | Killed Snorg
 35013 | Spider:1 | Received a gift from Yredelemnul
 35355 | Spider:2 | Reached XP level 17. HP: 150/150 MP: 31/31
 35853 | Spider:3 | Noticed Wiglaf
 35867 | Spider:3 | Killed Wiglaf
 35867 | Spider:3 | Enslaved Wiglaf
 35970 | Spider:3 | Noticed Azrael
 35987 | Spider:3 | Killed Azrael
 37000 | Spider:4 | Noticed Arachne
 37017 | Spider:4 | Killed Arachne
 37047 | Spider:4 | Received a gift from Yredelemnul
 37107 | Spider:4 | Reached skill level 15 in Armour
 37247 | Spider:4 | Reached skill level 15 in Shields
 37269 | Spider:4 | Noticed Jorgrun
 37279 | Spider:4 | Killed Jorgrun
 37466 | Spider:5 | Entered Level 5 of the Spider Nest
 37481 | Spider:5 | Received a gift from Yredelemnul
 37752 | Spider:5 | Received a gift from Yredelemnul
 37800 | Spider:5 | Got a gossamer rune of Zot
 37990 | Spider:5 | Received a gift from Yredelemnul
 38018 | Spider:5 | Noticed Mennas
 38056 | Spider:5 | Killed Mennas
 38478 | Shoals:4 | Received a gift from Yredelemnul
 38640 | Shoals:5 | Entered Level 5 of the Shoals
 38848 | Shoals:5 | Noticed Ilsuiw
 38873 | Shoals:5 | Received a gift from Yredelemnul
 38889 | Shoals:5 | Killed Ilsuiw
 39221 | Shoals:5 | Reached XP level 18. HP: 152/159 MP: 31/31
 39247 | Shoals:5 | Received a gift from Yredelemnul
 39296 | Shoals:5 | Noticed Polyphemus
 39318 | Shoals:5 | Killed Polyphemus
 39578 | Shoals:5 | Got a barnacled rune of Zot
 39609 | Shoals:5 | Received a gift from Yredelemnul
 40104 | Vaults:1 | Entered Level 1 of the Vaults
 40214 | Vaults:1 | Received a gift from Yredelemnul
 40215 | Vaults:1 | Noticed Donald
 40232 | Vaults:1 | Killed Donald
 41341 | Vaults:2 | Received a gift from Yredelemnul
 42447 | Vaults:3 | Noticed Roxanne
 42458 | Vaults:3 | Killed Roxanne
 42797 | Vaults:3 | Noticed Margery
 42807 | Vaults:3 | Killed Margery
 42820 | Vaults:3 | Killed Boris
 43115 | Vaults:3 | Found a staircase to the Crypt.
 43571 | Vaults:3 | Reached XP level 19. HP: 119/167 MP: 32/32
 44035 | Vaults:4 | Found Hatuesis' Food Shop.
 44110 | Vaults:4 | Received a gift from Yredelemnul
 44275 | Vaults:4 | Received a gift from Yredelemnul
 44659 | Vaults:4 | Noticed Frances
 44663 | Vaults:4 | Killed Frances
 44976 | Vaults:4 | Found a staircase to the Hall of Blades.
 44987 | Vaults:4 | Received a gift from Yredelemnul
 45022 | Vaults:4 | Noticed Frederick
 45030 | Vaults:4 | Killed Frederick
 45204 | Vaults:5 | Entered Level 5 of the Vaults
 45221 | Vaults:5 | Received a gift from Yredelemnul
 45223 | Vaults:5 | Your ally Wiglaf died
 45491 | Vaults:5 | Received a gift from Yredelemnul
 46097 | D:20     | Entered Level 20 of the Dungeon
 46429 | D:20     | Found a white marble altar of Elyvilon.
 47037 | D:21     | Found a gateway to Hell.
 47069 | D:21     | Reached XP level 20. HP: 176/176 MP: 32/32
 47721 | D:22     | Received a gift from Yredelemnul
 48060 | D:22     | Found an ancient bone altar of Kikubaaqudgha.
 48074 | D:22     | Received a gift from Yredelemnul
 48205 | D:22     | Found a one-way gate leading to the halls of Pandemonium.
 48688 | D:23     | Received a gift from Yredelemnul
 48953 | D:23     | Received a gift from Yredelemnul
 50004 | D:24     | Received a gift from Yredelemnul
 50825 | D:24     | Reached XP level 21. HP: 77/187 MP: 26/33
 51265 | D:24     | Received a gift from Yredelemnul
 51348 | D:24     | Noticed Jory
 51359 | D:24     | Killed Jory
 51369 | D:25     | Entered Level 25 of the Dungeon
 51410 | D:25     | Got a crude cloak
 51411 | D:25     | Identified the +4 cloak "Losadyupn" {Str-3 Dex+3} (You acquired it on level 25 of the Dungeon)
 51417 | D:25     | Gained mutation: You have a pair of small antennae on your head. [potion of mutation]
 51417 | D:25     | Gained mutation: You are clumsy. (Dex -2) [potion of mutation]
 51417 | D:25     | Gained mutation: You are dopey. (Int -2) [potion of mutation]
 51775 | D:25     | Found a shattered altar of Ashenzari.
 51890 | D:25     | Received a gift from Yredelemnul
 51921 | D:25     | Found a one-way gate to the infinite horrors of the Abyss.
 52465 | Lair:1   | Lost mutation: You are dopey. (Int -2) [potion of cure mutation]
 52465 | Lair:1   | Lost mutation: You are clumsy. (Dex -2) [potion of cure mutation]
 52465 | Lair:1   | Lost mutation: You have a pair of small antennae on your head. [potion of cure mutation]
 52465 | Lair:1   | Lost mutation: You digest meat inefficiently. [potion of cure mutation]
 52919 | Vaults:4 | Reached skill level 22 in Axes
 53106 | Vaults:5 | Received a gift from Yredelemnul
 53115 | Vaults:5 | Received a gift from Yredelemnul
 53401 | Vaults:5 | Received a gift from Yredelemnul
 53422 | Vaults:5 | Got a polished broad axe
 53423 | Vaults:5 | Identified the +6,+2 broad axe of Pandemonium {vamp, Str+4} (You found it on level 5 of the Vaults)
 53705 | Vaults:5 | Found Peanorhogge's Book Emporium.
 54629 | Vaults:5 | Got a silver rune of Zot
 55431 | Trove    | Entered a treasure trove
 55495 | Trove    | Got a shimmering silver ring
 55500 | Trove    | Identified the ring of Faapueto {Hunger- rC+ Dex+3} (You found it in a treasure trove)
 56145 | D:26     | Reached XP level 22. HP: 176/204 MP: 34/34
 56196 | D:26     | Received a gift from Yredelemnul
 56340 | D:27     | Entered Level 27 of the Dungeon
 56909 | D:27     | Reached skill level 23 in Axes
 57276 | D:27     | Received a gift from Yredelemnul
 58401 | D:27     | Received a gift from Yredelemnul
 58403 | Zot:1    | Entered Level 1 of the Realm of Zot
 58544 | Zot:2    | Received a gift from Yredelemnul
 60010 | Zot:5    | Entered Level 5 of the Realm of Zot
 60026 | Zot:5    | Reached XP level 23. HP: 211/220 MP: 34/34
 60178 | Zot:5    | Received a gift from Yredelemnul
 60268 | Zot:5    | Noticed an ancient lich
 60271 | Zot:5    | Killed an ancient lich
 60271 | Zot:5    | Reached skill level 24 in Axes
 60280 | Zot:5    | Noticed an ancient lich
 60291 | Zot:5    | Killed an ancient lich
 60292 | Zot:5    | Noticed an orb of fire
 60298 | Zot:5    | Noticed an ancient lich
 60300 | Zot:5    | Noticed an orb of fire
 60301 | Zot:5    | Killed an orb of fire
 60302 | Zot:5    | Noticed an ancient lich
 60305 | Zot:5    | Noticed a Killer Klown
 60309 | Zot:5    | Noticed an ancient lich
 60311 | Zot:5    | Killed an ancient lich
 60314 | Zot:5    | Killed a Killer Klown
 60314 | Zot:5    | Killed an orb of fire
 60321 | Zot:5    | Killed an ancient lich
 60326 | Zot:5    | Noticed an ancient lich
 60334 | Zot:5    | Gained mutation: Armour fits poorly on your strangely shaped body. [a cacodemon]
 60335 | Zot:5    | Noticed a Killer Klown
 60335 | Zot:5    | Gained mutation: Your magical capacity is low (-10% MP). [an orb of fire]
 60336 | Zot:5    | Noticed an orb of fire
 60336 | Zot:5    | Noticed an orb of fire
 60336 | Zot:5    | Noticed an orb of fire
 60445 | Zot:5    | Got the Orb of Zot
 60471 | Zot:5    | Noticed an orb of fire
 60482 | Zot:4    | Received a gift from Yredelemnul
 60742 | D:21     | Noticed Striebiq the pandemonium lord
 60779 | D:21     | HP: 9/223 [Brimstone Fiend/torment (7)]
 60857 | D:19     | Noticed Laloc the pandemonium lord
 61074 | D:10     | Noticed Osef the pandemonium lord
 61262 | D:$      | Escaped with the Orb!

Action                   |  1- 3 |  4- 6 |  7- 9 | 10-12 | 13-15 | 16-18 | 19-21 | 22-24 || total
-------------------------+-------+-------+-------+-------+-------+-------+-------+-------++-------
Melee: Hand axe          |    77 |   252 |   517 |       |       |       |       |       ||   846
       War axe           |       |       |       |   875 |  1154 |       |       |       ||  2029
       Broad axe         |       |       |       |       |   483 |  1499 |  1050 |   452 ||  3484
Invok: Injury Mirror     |       |     1 |     5 |     2 |     3 |     1 |       |       ||    12
       Recall Undead Sla |       |       |     1 |     8 |    10 |    14 |    18 |     1 ||    52
       Animate Dead      |       |       |       |    12 |    34 |    18 |    15 |     1 ||    80
       Drain Life        |       |       |       |       |     5 |     7 |    17 |     3 ||    32
       Enslave Soul      |       |       |       |       |       |     1 |       |       ||     1
Evoke: Wand              |       |       |     2 |     6 |     4 |     1 |       |     5 ||    18
       Deck              |       |       |       |       |     6 |       |       |       ||     6
  Use: Scroll            |       |       |    11 |    21 |    17 |    31 |    22 |     5 ||   107
       Potion            |       |       |     1 |     2 |     6 |       |     7 |    10 ||    26
 Stab: Invisible         |       |       |     4 |     7 |    14 |       |       |       ||    25
       Distracted        |       |       |     1 |    10 |    12 |    29 |    32 |    26 ||   110
       Fleeing           |       |       |       |       |       |       |       |     1 ||     1
